 Dungeon Crawl Stone Soup version 0.23.0 (webtiles) character file.

Game seed: 3891300117068692090

207 sanboga the Chopper (level 5, -1/34 HPs)
             Began as a Gargoyle Berserker on Feb 12, 2019.
             Was a Priest of Trog.
             Killed by divine providence
             ... invoked by an orc priest
              (10 damage)
             ... on level 4 of the Dungeon.
             The game lasted 00:03:33 (2651 turns).

sanboga the Chopper (Gargoyle Berserker)            Turns: 2651, Time: 00:03:33

Health: -1/34      AC: 14    Str: 21    XL:     5   Next: 85%
Magic:  5/5        EV: 11    Int:  8    God:    Trog [***...]
Gold:   129        SH:  0    Dex:  9    Spells: 4/4 levels left

rFire    . . .     SeeInvis .   l - +0 war axe
rCold    + . .     Gourm    .   (no shield)
rNeg     + . .     Faith    .   d - +0 ring mail (curse)
rPois    ∞         Spirit   .   e - +0 helmet
rElec    +         Reflect  .   k - +1 cloak
rCorr    .         Harm     .   a - +0 pair of gloves
MR       .....                  (no boots)
Stlth    +.........             (no amulet)
HPRegen  0.11/turn              j - ring of stealth
MPRegen  0.09/turn              h - ring of protection from cold

@: no status effects
A: negative energy resistance 1, electricity resistance, unbreathing,
petrification resistance, rot immunity, AC +4
a: Berserk, Trog's Hand, Renounce Religion


You were on level 4 of the Dungeon.
You worshipped Trog.
Trog was most pleased with you.
You were hungry.

You visited 1 branch of the dungeon, and saw 4 of its levels.

You collected 129 gold pieces.

Inventory:

Hand Weapons
 l - a +0 war axe (weapon)
Armour
 a - a +0 pair of gloves (worn)
 b - a +0 plate armour
 d - a cursed +0 ring mail (worn)
 e - a +0 helmet (worn)
 k - a +1 cloak (worn)
Jewellery
 h - a ring of protection from cold (right hand)
 j - a ring of stealth (left hand)
Potions
 f - a potion of mutation
 g - a potion of curing
 i - a potion of ambrosia {unknown}
Comestibles
 c - 9 rations


   Skills:
 + Level 4.4 Fighting
 * Level 4.5 Axes
 + Level 3.7 Armour
 - Level 1.5 Dodging


You had 4 spell levels left.
You didn't know any spells.
Your spell library was empty.

Dungeon Overview and Level Annotations

Branches:
Dungeon (4/15)
 Temple: D:4-7

Altars:

Annotations:
D:3 3 runed translucent doors, ShadedKnight's ghost, amateur KoTm; airin's ghost, amateur DEMo; esper6's ghost, weakling DgTm; meepyknight's ghost, amateur GrFi; slphil's ghost, amateur OgBe


Innate Abilities, Weirdness & Mutations

You are resistant to torment.
Your stone body is resilient. (AC +4)
You are immune to poison.
You resist negative energy. (rN+)
You are resistant to electric shocks. (rElec)
You can survive without breathing.
You are immune to petrification.
You are immune to rotting.


Message History

Trog accepts your kill.
You barely miss the orc. The orc hits you but does no damage.
You slash the orc!
You kill the orc!
Trog accepts your kill. The orc hits you but does no damage.
You hit the orc.
The orc is lightly wounded.
The orc barely misses you.
The orc priest mumbles some strange prayers to Beogh against you.
Beogh smites you!
* * * LOW HITPOINT WARNING * * *
You are too injured to fight recklessly!
You are too injured to fight recklessly!
You are too injured to fight recklessly!
You are too injured to fight recklessly!
You feel better. The orc barely misses you.
The orc priest invokes the aid of Beogh against you.
Beogh smites you!
You die...

# .#.##o#######
.....oo@....##
.$...o####...##
...## ##..)..##
. ###.......#.#
#.......<<...#
#.##.......###
# ##.....##
##...## ##.##


You could see an orc priest and 3 orcs.

Vanquished Creatures
  A hound (D:4)
  A bullfrog skeleton (D:4)
  Robin (D:3)
  6 adders
  3 dart slugs
  2 leopard geckos (D:1)
  An orc (D:4)
  4 giant cockroaches
  14 goblins
  12 hobgoblins
  3 jackals (D:1)
  2 quokkas (D:3)
  7 bats
  7 frilled lizards
  4 kobolds (D:1)
  8 rats
76 creatures vanquished.

Notes
Turn   | Place    | Note
-------+----------+-------------------------------------------
     0 | D:1      | sanboga the Gargoyle Berserker began the quest for the Orb.
     0 | D:1      | Reached XP level 1. HP: 14/14 MP: 1/1
   265 | D:1      | Reached XP level 2. HP: 19/19 MP: 2/2
   628 | D:1      | Reached XP level 3. HP: 17/23 MP: 3/3
  1313 | D:2      | Reached ** piety under Trog
  1898 | D:3      | Noticed Robin
  1905 | D:3      | Reached XP level 4. HP: 22/29 MP: 4/4
  1917 | D:3      | Killed Robin
  2067 | D:3      | Reached XP level 5. HP: 28/33 MP: 5/5
  2080 | D:3      | Reached *** piety under Trog
  2167 | D:3      | Found a runed translucent gate.
  2167 | D:3      | Found a runed translucent gate.
  2168 | D:3      | Found a runed translucent gate.
  2171 | D:3      | Noticed slphil's ghost (amateur OgBe)
  2171 | D:3      | Noticed meepyknight's ghost (amateur GrFi)
  2171 | D:3      | Noticed ShadedKnight's ghost (amateur KoTm)
  2171 | D:3      | Noticed esper6's ghost (weakling DgTm)
  2171 | D:3      | Noticed airin's ghost (amateur DEMo)
  2651 | D:4      | Killed from afar by an orc priest

Skill      XL: |  1  2  3  4 |
---------------+-------------+-----
Axes           | 3 4 |  4.5
Armour         | 3 |  3.7
Fighting       | 4 |  4.4
Dodging        | |  1.5

Action                   |  1- 3 |  4- 6 || total
-------------------------+-------+-------++-------
Melee: Hand axe          |   128 |    37 ||   165
       War axe           |       |    61 ||    61
  Use: Scroll            |     1 |     5 ||     6
       Potion            |     1 |     2 ||     3
 Stab: Distracted        |       |     1 ||     1
       Sleeping          |       |     1 ||     1
  Eat: Chunk             |     3 |     2 ||     5
Armor: Animal skin       |    28 |       ||    28
       Ring mail         |    20 |    66 ||    86
Dodge: Dodged            |    67 |    74 ||   141
